[Event "Titled Tuesday Blitz August 16 Early 2022"]
[White "Oparin, Grigoriy"]
[Black "Santos Ruiz, Miguel"]
[WhiteFideId "24125890"]
[BlackFideId "22291482"]
[WhiteElo "2639"]
[BlackElo "2478"]
[Result "1/2-1/2"]
[Round "07"]
[TimeControl "180+1"]
[Date "2022.08.16"]
[WhiteClock "0:00:23"]
[BlackClock "0:00:20"]

1. e4 c5 2. Nf3 d6 3. d4 cxd4 4. Nxd4 Nf6 5. Nc3 a6 6. a4 e6 7. a5 Be7 8. Bd3 O-O 9. O-O Qc7 10. Be3 Nbd7 11. Nb3 b5 12. axb6 Nxb6 13. Qe2 d5 14. Bxb6 Qxb6 15. exd5 Bd6 16. Ne4 Nxd5 17. Nxd6 Qxd6 18. Be4 Rb8 19. Qd3 g6 20. Bxd5 Qxd5 21. Qxd5 exd5 22. Ra2 Rb4 23. Rd1 Re8 24. f3 Kg7 25. Kf2 Re7 26. Nd4 Reb7 27. b3 Rc7 28. Ra5 Bb7 29. g4 Rb6 30. h4 h6 31. Rd2 Rd6 32. Ra1 Rb6 33. Re1 Rb4 34. Re8 a5 35. g5 a4 36. bxa4 Rxa4 37. Kg3 Rcc4 38. c3 Rxc3 39. Re7 Bc8 40. gxh6+ Kxh6 41. Rxf7 Rcc4 42. Rf4 Kg7 43. Rd3 Bd7 44. Rd1 Bc8 45. Rd2 Bd7 46. Kf2 Bc8 47. Ke3 Rc3+ 48. Rd3 Rxd3+ 49. Kxd3 Ba6+ 50. Ke3 Ra2 51. Rg4 Kf6 52. Rg5 Bc4 53. Rg1 Rh2 54. Rg4 Rh1 55. Kf2 Rh2+ 56. Kg3 Rd2 57. Rf4+ Kg7 58. Ne6+ Kh7 59. Rf7+ Kg8 60. Rg7+ Kh8 61. Rxg6 d4 62. Nf4 d3 63. Rc6 Bb5 64. Rc5 Rb2 65. Rd5 d2 66. Ng2 Ba4 67. Ne3 Rb3 68. Kf2 Rxe3 69. Kxe3 d1=Q 70. Rxd1 Bxd1 71. Kf4 Bxf3 72. Kxf3 Kh7 73. Kg4 Kh8 74. h5 Kh7 75. Kg5 Kh8 76. h6 Kh7 77. Kh5 Kh8 78. Kg6 Kg8 79. h7+ Kh8 80. Kh6 1/2-1/2


[Site "https://www.chess.com"]

[Event "Titled Tuesday Blitz August 16 Early 2022"]
[White "Orlov, Georgi"]
[Black "Salman, Pavel"]
[WhiteFideId "2011271"]
[BlackFideId "24153753"]
[WhiteElo "2461"]
[BlackElo "2143"]
[Result "1-0"]
[Round "07"]
[TimeControl "180+2"]
[Date "2022.08.18"]
[WhiteClock "0:00:00"]
[BlackClock "0:00:00"]

1. d4 Nf6 2. Nf3 c5 3. d5 g6 4. c4 b5 5. cxb5 a6 6. e3 axb5 7. Bxb5 Qa5+ 8. Nc3 Bb7 9. O-O Bg7 10. e4 O-O 11. e5 Ng4 12. Bf4 e6 13. a4 Qb4 14. Qd2 exd5 15. h3 d4 16. hxg4 dxc3 17. bxc3 Qb3 18. Rab1 Qe6 19. Be2 Bxf3 20. Bxf3 Rxa4 21. Rfe1 Nc6 22. Bg3 Nxe5 23. Bd5 Nc4 24. Qd1 Qa6 25. Bb7 Qa7 26. Qxd7 Nb6 27. Qc6 Na8 28. Bd6 Rd8 29. Bxc5 Qa5 30. Re8+ Rxe8 31. Qxe8+ Bf8 32. Qxf8# 1-0


[Site "https://www.chess.com"]

[Event "Titled Tuesday Blitz August 16 Early 2022"]
[White "Padmini, Rout"]
[Black "Taboas Rodriguez, Daniel"]
[WhiteFideId "5029295"]
[BlackFideId "2208466"]
[WhiteElo "2181"]
[BlackElo "2429"]
[Result "1-0"]
[Round "07"]
[TimeControl "180+2"]
[Date "2022.08.18"]
[WhiteClock "0:00:00"]
[BlackClock "0:00:00"]

1. d4 Nf6 2. Nf3 g6 3. g3 Bg7 4. Bg2 O-O 5. O-O b6 6. c4 Bb7 7. Nc3 Ne4 8. Qd3 Nxc3 9. bxc3 Nc6 10. e4 e5 11. Be3 d6 12. Nd2 Ba6 13. f4 Na5 14. f5 Qd7 15. f6 Bh8 16. Rf3 Qa4 17. Bf1 Rfe8 18. g4 Re6 19. g5 h6 20. h4 exd4 21. cxd4 c5 22. d5 Re5 23. Bf4 Rae8 24. Rf2 Qb4 25. Rc1 Qb2 26. Nf3 Qb4 27. Nxe5 dxe5 28. Bd2 Qa4 29. Bxa5 Qxa5 30. Qg3 Bc8 31. h5 Kh7 32. hxg6+ fxg6 33. Bh3 Qa6 34. f7 Rf8 35. Be6 Qb7 36. Rcf1 Qe7 37. Bxc8 Rxc8 38. f8=Q Rxf8 39. Rxf8 1-0


[Site "https://www.chess.com"]

[Event "Titled Tuesday Blitz August 16 Early 2022"]
[White "Pakleza, Zbigniew"]
[Black "Shohat, Yotam"]
[WhiteFideId "1119290"]
[BlackFideId "2813955"]
[WhiteElo "2411"]
[BlackElo "2119"]
[Result "1-0"]
[Round "07"]
[TimeControl "180+2"]
[Date "2022.08.18"]
[WhiteClock "0:00:00"]
[BlackClock "0:00:00"]

1. d4 Nf6 2. Nf3 g6 3. Bf4 Bg7 4. e3 O-O 5. Be2 d5 6. c3 c5 7. O-O Nc6 8. Nbd2 cxd4 9. cxd4 Nh5 10. Bg5 h6 11. Bh4 g5 12. Bg3 Nxg3 13. hxg3 e5 14. dxe5 Nxe5 15. Nd4 Nc6 16. N2b3 Qb6 17. Rc1 a5 18. Qd2 Rd8 19. Rfd1 Bf8 20. Nxc6 bxc6 21. Qd4 Rb8 22. Qxb6 Rxb6 23. Nxa5 c5 24. b3 Be6 25. Nc4 Rbb8 26. Ne5 Ra8 27. a4 Bd6 28. Nc6 Rdc8 29. Bb5 Kf8 30. f4 f6 31. Kf2 Rc7 32. b4 cxb4 33. Nd4 Bf7 34. Nf5 Rxc1 35. Rxc1 Rd8 36. Nxd6 Rxd6 37. Rb1 d4 38. Rxb4 d3 39. Rb1 d2 40. Be2 Ba2 41. Ra1 Bb3 42. Bd1 Bxd1 43. Rxd1 Kf7 44. Ke2 Ra6 45. Ra1 Rd6 46. a5 Ke6 47. g4 1-0


[Site "https://www.chess.com"]

[Event "Titled Tuesday Blitz August 16 Early 2022"]
[White "Petrova, Irina"]
[Black "Horak, Martin"]
[WhiteFideId "14124122"]
[BlackFideId "367095"]
[WhiteElo "2021"]
[BlackElo "1997"]
[Result "0-1"]
[Round "07"]
[TimeControl "180+2"]
[Date "2022.08.18"]
[WhiteClock "0:00:00"]
[BlackClock "0:00:00"]

1. e4 e5 2. Nf3 Nc6 3. Bb5 a6 4. Ba4 Nf6 5. d3 d6 6. c4 g6 7. Nc3 Bg7 8. O-O O-O 9. Nd5 h6 10. h3 Kh7 11. Be3 Nd7 12. d4 exd4 13. Nxd4 Nxd4 14. Bxd4 Nf6 15. Nxf6+ Bxf6 16. Bxf6 Qxf6 17. Qd2 Be6 18. Bb3 Qe5 19. f3 Qc5+ 20. Qf2 Qxf2+ 21. Kxf2 g5 22. Rac1 b6 23. Bd1 a5 24. Be2 Rae8 25. Rfd1 Bc8 26. Bd3 Kg7 27. b3 h5 28. Bc2 h4 29. Rd5 f6 30. Rcd1 Re5 31. Rxe5 fxe5 32. Rd2 Be6 33. Rd1 a4 34. Ke3 axb3 35. axb3 Ra8 36. Kd3 Ra2 37. Kc3 Kf6 38. Rb1 Bd7 39. Rb2 Rxb2 40. Kxb2 g4 41. hxg4 Kg5 42. Kc3 Kf4 43. Kd2 Kg3 44. g5 Kxg2 45. g6 h3 46. g7 Be6 47. f4 h2 48. f5 Bg8 49. f6 h1=Q 50. Kc3 Qe1+ 51. Kb2 Qf2 0-1


[Site "https://www.chess.com"]

[Event "Titled Tuesday Blitz August 16 Early 2022"]
[White "Popilski, Gil"]
[Black "Petrovic, Aleksa"]
[WhiteFideId "2809060"]
[BlackFideId "967629"]
[WhiteElo "2455"]
[BlackElo "2205"]
[Result "1-0"]
[Round "07"]
[TimeControl "180+2"]
[Date "2022.08.18"]
[WhiteClock "0:00:00"]
[BlackClock "0:00:00"]

1. e4 e6 2. d4 d5 3. Nc3 Bb4 4. e5 c5 5. a3 Bxc3+ 6. bxc3 Qa5 7. Bd2 Qa4 8. Qg4 Kf8 9. Qd1 b6 10. Nf3 Ba6 11. Bxa6 Nxa6 12. h4 h6 13. h5 Rc8 14. O-O cxd4 15. cxd4 Qxc2 16. Rc1 1-0


[Site "https://www.chess.com"]

[Event "Titled Tuesday Blitz August 16 Early 2022"]
[White "Prydun, Andriy"]
[Black "Nugumanov, Bakhtiyar"]
[WhiteFideId "14145898"]
[BlackFideId "13701797"]
[WhiteElo "2163"]
[BlackElo "2287"]
[Result "0-1"]
[Round "07"]
[TimeControl "180+2"]
[Date "2022.08.18"]
[WhiteClock "0:00:00"]
[BlackClock "0:00:00"]

1. e4 d6 2. d4 Nf6 3. Nc3 g6 4. h3 e6 5. g3 a6 6. b3 Bg7 7. Bb2 b5 8. a3 Bb7 9. Bg2 Nbd7 10. Nge2 O-O 11. g4 c5 12. Qd2 b4 13. axb4 cxb4 14. Na4 Nxe4 15. Qxb4 Bc6 16. Nac3 d5 17. Nxe4 dxe4 18. Rd1 Rb8 19. Qc3 Qb6 20. h4 Rfc8 21. Qg3 e3 22. Rc1 exf2+ 23. Qxf2 Bxg2 24. Qxg2 Qb4+ 25. Kd1 Nb6 26. h5 Nd5 27. hxg6 Ne3# 0-1


[Site "https://www.chess.com"]

[Event "Titled Tuesday Blitz August 16 Early 2022"]
[White "Qashashvili, Alexandre"]
[Black "Fiorito, Joaquin"]
[WhiteFideId "13600842"]
[BlackFideId "180173"]
[WhiteElo "2505"]
[BlackElo "2271"]
[Result "0-1"]
[Round "07"]
[TimeControl "180+2"]
[Date "2022.08.18"]
[WhiteClock "0:00:00"]
[BlackClock "0:00:00"]

1. e4 c6 2. Nc3 d5 3. exd5 cxd5 4. d3 Nf6 5. Nf3 Nc6 6. Bf4 g6 7. Qd2 Bg7 8. Bh6 O-O 9. h4 Bg4 10. h5 Bxh5 11. g4 Bxg4 12. Bxg7 Kxg7 13. Qh6+ Kg8 14. Ng5 Bh5 15. Be2 Nd4 16. Bxh5 Nf5 17. Bf3 Nxh6 18. Rxh6 Kg7 19. Rh1 h6 20. Nh3 e5 21. O-O-O Rc8 22. Rdg1 Qa5 23. Kb1 Rxc3 24. bxc3 Qxc3 25. Bg4 Nxg4 26. Rxg4 Rc8 27. Rhg1 Qxc2+ 28. Ka1 Qc3+ 29. Kb1 Qxd3+ 30. Ka1 Rc2 31. Rb4 Qc3+ 32. Kb1 Re2 33. Rb3 Qc2+ 34. Ka1 Qxa2# 0-1


[Site "https://www.chess.com"]

[Event "Titled Tuesday Blitz August 16 Early 2022"]
[White "Ramirez Vido, Robert Yorisan"]
[Black "Fernandez, Fernando"]
[WhiteFideId "3513823"]
[BlackFideId "3802299"]
[WhiteElo "2090"]
[BlackElo "2292"]
[Result "1-0"]
[Round "07"]
[TimeControl "180+2"]
[Date "2022.08.18"]
[WhiteClock "0:00:00"]
[BlackClock "0:00:00"]

1. f4 d5 2. Nf3 Nf6 3. e3 Bf5 4. Be2 e6 5. O-O Be7 6. b3 O-O 7. Bb2 a5 8. a4 Na6 9. Bxa6 Rxa6 10. Nc3 Ne4 11. Nxe4 Bxe4 12. d3 Bf5 13. Qe1 Bf6 14. Bxf6 Qxf6 15. e4 Bg6 16. Ne5 Rd8 17. Nxg6 hxg6 18. e5 Qe7 19. Rf3 Rc6 20. c4 Rb6 21. Rb1 dxc4 22. dxc4 Ra6 23. Rd1 Raa8 24. Rfd3 Rxd3 25. Rxd3 Rd8 26. Rxd8+ Qxd8 27. Qxa5 Qd4+ 28. Kf1 Qxf4+ 29. Ke2 Qe4+ 30. Kf2 Qc2+ 31. Kf1 Qb1+ 32. Kf2 Qc2+ 33. Kg1 Qxb3 34. Qxc7 Qd1+ 35. Kf2 Qc2+ 36. Kf1 Qxa4 37. c5 Qc4+ 38. Kf2 Qd4+ 39. Kf3 Qd3+ 40. Kf2 Qd4+ 41. Ke2 Qd5 42. Qb8+ Kh7 43. Qd6 g5 44. Qxd5 exd5 45. Kd3 Kg6 46. Kd4 Kf5 47. Kxd5 g4 48. g3 g6 49. Kd6 Ke4 50. Kc7 Kd5 51. Kb6 1-0


[Site "https://www.chess.com"]

[Event "Titled Tuesday Blitz August 16 Early 2022"]
[White "Rangel, Daniel"]
[Black "Sourath Biswas"]
[WhiteFideId "2124475"]
[BlackFideId "35091484"]
[WhiteElo "2189"]
[BlackElo "2302"]
[Result "0-1"]
[Round "07"]
[TimeControl "180+2"]
[Date "2022.08.18"]
[WhiteClock "0:00:00"]
[BlackClock "0:00:00"]

1. d4 Nf6 2. c4 g6 3. Nc3 Bg7 4. Bf4 O-O 5. e3 d5 6. Nf3 c5 7. dxc5 Qa5 8. a3 dxc4 9. Bxc4 Qxc5 10. Ba2 Nc6 11. O-O Bf5 12. Rc1 Rad8 13. Nd5 Qa5 14. Rxc6 Nxd5 15. Rc1 Nxf4 16. Qb3 Be6 17. Qxb7 Ne2+ 18. Kh1 Bxa2 0-1


[Site "https://www.chess.com"]

[Event "Titled Tuesday Blitz August 16 Early 2022"]
[White "Rios Escobar, Adan"]
[Black "Ezat, Mohamed"]
[WhiteFideId "3403645"]
[BlackFideId "10600906"]
[WhiteElo "2276"]
[BlackElo "2386"]
[Result "0-1"]
[Round "07"]
[TimeControl "180+2"]
[Date "2022.08.18"]
[WhiteClock "0:00:00"]
[BlackClock "0:00:00"]

1. d4 Nf6 2. g3 g6 3. Bg2 Bg7 4. e4 O-O 5. Ne2 d6 6. O-O Nc6 7. Nbc3 e5 8. dxe5 dxe5 9. Bg5 Nd4 10. Nd5 c6 11. Nxf6+ Bxf6 12. Bh6 Re8 13. c3 Ne6 14. Be3 Qc7 15. h4 Be7 16. h5 Bc5 17. Bh6 b6 18. Qc2 Ba6 19. Rad1 Qe7 20. Bf3 Qf6 21. hxg6 Qxf3 22. gxf7+ Kxf7 23. c4 Nd4 24. Nxd4 Bxd4 25. Rd3 Qh5 26. Be3 c5 27. Qa4 Bb7 28. f3 Qg6 29. Kf2 Bc6 30. Qa6 Red8 31. Rfd1 Qh5 32. Kg2 Rg8 33. b4 Rxg3+ 34. Kxg3 Rg8+ 35. Kf2 Qh2+ 36. Ke1 Rg1+ 37. Bxg1 Qxg1+ 38. Kd2 Qf2+ 39. Kc1 Qb2# 0-1


[Site "https://www.chess.com"]

[Event "Titled Tuesday Blitz August 16 Early 2022"]
[White "Ronka, Erik"]
[Black "Leiva, Gianmarco"]
[WhiteFideId "505080"]
[BlackFideId "3804399"]
[WhiteElo "2248"]
[BlackElo "2389"]
[Result "0-1"]
[Round "07"]
[TimeControl "180+2"]
[Date "2022.08.18"]
[WhiteClock "0:00:00"]
[BlackClock "0:00:00"]

1. e4 c5 2. Nf3 d6 3. d4 cxd4 4. Nxd4 Nf6 5. Nc3 a6 6. Nb3 e5 7. Bg5 Be7 8. Bxf6 Bxf6 9. Qd3 Nc6 10. O-O-O Be7 11. Nd5 Be6 12. Nxe7 Kxe7 13. g3 Qc7 14. Kb1 Rhd8 15. Bg2 a5 16. f4 f6 17. Nc1 b5 18. f5 Bf7 19. g4 Rdc8 20. Qd2 b4 21. g5 Nd4 22. Nb3 Qxc2+ 23. Qxc2 Nxc2 24. Nd2 Ne3 25. Rdg1 Rc2 0-1


[Site "https://www.chess.com"]

[Event "Titled Tuesday Blitz August 16 Early 2022"]
[White "Rosenberg, Evan S"]
[Black "Grot, Blazej"]
[WhiteFideId "2019299"]
[BlackFideId "21835845"]
[WhiteElo "1999"]
[BlackElo "1614"]
[Result "0-1"]
[Round "07"]
[TimeControl "180+2"]
[Date "2022.08.18"]
[WhiteClock "0:00:00"]
[BlackClock "0:00:00"]

1. e4 c5 2. Nc3 e6 3. Nge2 Nc6 4. g3 d5 5. exd5 exd5 6. d4 Bg4 7. Bg2 Nxd4 8. h3 Bf3 9. Kf1 Qf6 10. Bf4 Bxg2+ 11. Kxg2 Nxe2 12. Qxe2+ Ne7 13. Nxd5 Qc6 14. c4 O-O-O 15. Qg4+ f5 16. Qf3 Nxd5 17. cxd5 Qxd5 18. Rac1 Qxf3+ 19. Kxf3 b6 20. b4 Kb7 21. bxc5 Bxc5 22. a4 Rd3+ 23. Kg2 Re8 24. Rhe1 Rxe1 25. Rxe1 Ra3 26. Re5 g6 27. Re8 Rxa4 28. Rh8 Ra2 29. Rxh7+ Ka6 30. g4 Rxf2+ 31. Kg3 fxg4 32. hxg4 Ra2 33. Rg7 Ra3+ 34. Kg2 Kb5 35. Rxg6 a5 36. Rg8 Rd3 37. g5 Rd7 38. g6 Bd4 39. Bh6 a4 40. g7 a3 41. Kf3 Kb4 42. Bd2+ Kb3 43. Ke4 Bxg7 44. Rb8 Bd4 45. Ba5 a2 46. Bxb6 Bxb6 47. Rxb6+ Kc2 48. Rc6+ Kb1 49. Rb6+ Kc1 50. Rc6+ Kd1 51. Ra6 Rd2 52. Ke3 Kc1 0-1


[Site "https://www.chess.com"]

[Event "Titled Tuesday Blitz August 16 Early 2022"]
[White "Rostomyan, Mikayel"]
[Black "Gabdrakhmanov, Azat"]
[WhiteFideId "13313754"]
[BlackFideId "34189197"]
[WhiteElo "1426"]
[BlackElo "2293"]
[Result "1/2-1/2"]
[Round "07"]
[TimeControl "180+1"]
[Date "2022.08.16"]
[WhiteClock "0:00:04"]
[BlackClock "0:00:34"]

1. d4 Nf6 2. Nf3 g6 3. b3 Bg7 4. Bb2 O-O 5. e3 d5 6. Be2 Nbd7 7. O-O a5 8. a4 Ne4 9. c4 c6 10. Nc3 Nxc3 11. Bxc3 Nf6 12. Nd2 Bf5 13. Re1 h5 14. Bf3 Qd7 15. Qe2 Ne4 16. Bxe4 Bxe4 17. Nxe4 dxe4 18. Rad1 Qf5 19. Rf1 Rad8 20. f3 exf3 21. Rxf3 Qe4 22. Rf4 Qe6 23. Bxa5 Rd7 24. Qf3 f5 25. Qf2 g5 26. Rf3 g4 27. Rf4 Bh6 28. Bc3 Bxf4 29. Qxf4 Qf6 30. Rc1 Kh7 31. d5 Qh6 32. Qe5 cxd5 33. cxd5 h4 34. Rf1 Qg5 35. e4 h3 36. Rxf5 Rxf5 37. Qh8+ Kg6 38. exf5+ Kxf5 39. Qe5+ Kg6 40. Qg7+ Kf5 41. Qe5+ Kg6 42. Qg7+ Kh5 43. Qh7+ Qh6 44. Qf5+ Qg5 45. Qh7+ Qh6 46. Qf5+ Qg5 47. Qh7+ 1/2-1/2


[Site "https://www.chess.com"]

[Event "Titled Tuesday Blitz August 16 Early 2022"]
[White "Salem, A.R. Saleh"]
[Black "Andreikin, Dmitry"]
[WhiteFideId "9301348"]
[BlackFideId "4158814"]
[WhiteElo "2674"]
[BlackElo "2736"]
[Result "1-0"]
[Round "07"]
[TimeControl "180+1"]
[Date "2022.08.16"]
[WhiteClock "0:00:12"]
[BlackClock "0:00:02"]

1. d4 d5 2. c4 e6 3. Nc3 a6 4. cxd5 exd5 5. Nf3 Nf6 6. Bg5 Be6 7. e3 Nbd7 8. h3 Bd6 9. Bd3 c6 10. Bf4 Qc7 11. Qd2 O-O 12. O-O Rfe8 13. Rfe1 Rad8 14. a3 Nf8 15. Rac1 Ng6 16. Bg5 Be7 17. Qc2 Qc8 18. Ne2 Ne4 19. Bxe7 Rxe7 20. Bxe4 dxe4 21. Nd2 Bxh3 22. gxh3 Qxh3 23. Qd1 Rd6 24. Rc5 Nh4 25. Rg5 Rh6 26. Nf4 Nf3+ 27. Qxf3 Qh2+ 28. Kf1 exf3 29. Nxf3 f6 30. Rg1 Qxg1+ 31. Kxg1 g5 32. Ne2 Rg6 33. Ng3 Kf7 34. Nf5 Rd7 35. Nd2 h5 36. Nb3 Rd5 37. e4 Rd8 38. Nc5 b6 39. Nxa6 g4 40. Rc1 g3 41. fxg3 Rg4 42. Rxc6 Kg6 43. Re6 h4 44. Re7 Rg8 45. Nb4 hxg3 46. Kg2 Kg5 47. Nd5 1-0


[Site "https://www.chess.com"]

[Event "Titled Tuesday Blitz August 16 Early 2022"]
[White "Samadov, Read"]
[Black "Zou, Chen"]
[WhiteFideId "13417444"]
[BlackFideId "8610959"]
[WhiteElo "2084"]
[BlackElo "2276"]
[Result "1-0"]
[Round "07"]
[TimeControl "180+1"]
[Date "2022.08.16"]
[WhiteClock "0:00:09"]
[BlackClock "0:00:01"]

1. d4 Nf6 2. c4 e6 3. Nf3 d5 4. g3 Be7 5. Bg2 O-O 6. O-O dxc4 7. Qc2 a6 8. a4 Bd7 9. Qxc4 Bc6 10. Bg5 Nbd7 11. Nc3 h6 12. Bxf6 Nxf6 13. a5 Rc8 14. Rfd1 Qd6 15. Ne5 Bxg2 16. Kxg2 c5 17. Nf3 cxd4 18. Qxd4 Qxd4 19. Nxd4 Bb4 20. Rdc1 Rfd8 21. e3 e5 22. Nb3 Bxc3 23. Rxc3 Rxc3 24. bxc3 Rc8 25. Rc1 Rc4 26. Nd2 Rc5 27. Rb1 Rxa5 28. Rxb7 Ra2 29. Nc4 Ne4 30. Nxe5 Rxf2+ 31. Kg1 Rf5 32. Nd7 g6 33. c4 Nc5 34. Rb8+ Kg7 35. Nb6 Re5 36. Rc8 a5 37. Nd5 Ne6 38. Ra8 Re4 39. Nb6 Rxe3 40. Rxa5 Rc3 41. Rd5 Rc2 42. h4 g5 43. h5 g4 44. Kf1 Kf6 45. Nd7+ Kg7 46. Ne5 Ng5 47. Rd4 f5 48. Ke1 Kf6 49. Nd7+ Ke6 50. Nc5+ Ke7 51. Rf4 Nf3+ 52. Kd1 Rd2+ 53. Kc1 Rg2 54. Rxf5 Rxg3 55. Ne4 Rg1+ 56. Kb2 Ke6 57. Rf8 Ke5 58. Nc3 Rg2+ 59. Kb3 Kd4 60. Rf4+ Ke3 61. Re4+ Kf2 62. Rf4 Kg3 63. Rf6 Nd2+ 64. Kb4 Kh4 65. Rxh6 Kg5 66. Rh8 Rh2 67. c5 g3 68. c6 Rh4+ 69. Kb5 g2 70. Rg8+ Kxh5 71. c7 Rg4 72. Rxg4 1-0


[Site "https://www.chess.com"]

[Event "Titled Tuesday Blitz August 16 Early 2022"]
[White "Samarth, J Rao"]
[Black "Issabayev, Dias"]
[WhiteFideId "46652370"]
[BlackFideId "13703110"]
[WhiteElo "1664"]
[BlackElo "2235"]
[Result "1-0"]
[Round "07"]
[TimeControl "180+2"]
[Date "2022.08.18"]
[WhiteClock "0:00:00"]
[BlackClock "0:00:00"]

1. d4 c5 2. d5 e5 3. c4 d6 4. e4 g6 5. Nc3 Bh6 6. Bxh6 Nxh6 7. Qd2 Ng8 8. h4 h5 9. g3 Kf8 10. Bh3 Kg7 11. Bxc8 Qxc8 12. Nf3 Nd7 13. Ng5 Ngf6 14. O-O a6 15. f4 Ng4 16. Rf3 Qc7 17. Raf1 Rhf8 18. f5 Rab8 19. fxg6 Kxg6 20. Nxf7 1-0


[Site "https://www.chess.com"]

[Event "Titled Tuesday Blitz August 16 Early 2022"]
[White "Samunenkov, Ihor"]
[Black "Adewumi, Tanitoluwa"]
[WhiteFideId "14187086"]
[BlackFideId "30966396"]
[WhiteElo "2441"]
[BlackElo "2302"]
[Result "1-0"]
[Round "07"]
[TimeControl "180+2"]
[Date "2022.08.18"]
[WhiteClock "0:00:00"]
[BlackClock "0:00:00"]

1. e4 c5 2. Nf3 e6 3. d4 cxd4 4. Nxd4 Nc6 5. Nc3 Qc7 6. Qd3 Nf6 7. Ndb5 Qb8 8. Qg3 d6 9. Be3 a6 10. Nd4 Nxd4 11. Bxd4 e5 12. Be3 Be6 13. O-O-O b5 14. f4 exf4 15. Qxf4 Be7 16. Nd5 Bxd5 17. exd5 O-O 18. Bd3 g6 19. Bd4 Nd7 20. h4 Qd8 21. Kb1 Bf6 22. Bf2 Be5 23. Qd2 Qf6 24. c3 b4 25. c4 a5 26. h5 a4 27. Bh4 Qf4 28. Qe2 a3 29. g3 Qd4 30. Bxg6 Qxb2+ 31. Qxb2 axb2 32. Bf5 Nc5 33. Rhe1 Rxa2 34. Kxa2 Ra8+ 35. Kb1 b3 36. Rxe5 Ra1+ 37. Kxb2 Rxd1 38. Re8+ Kg7 39. Bg5 h6 40. Be3 1-0


[Site "https://www.chess.com"]

[Event "Titled Tuesday Blitz August 16 Early 2022"]
[White "Sanchez, Robert"]
[Black "Martinez, Shawn"]
[WhiteFideId "2034360"]
[BlackFideId "2039770"]
[WhiteElo "1966"]
[BlackElo "2174"]
[Result "1-0"]
[Round "07"]
[TimeControl "180+2"]
[Date "2022.08.18"]
[WhiteClock "0:00:00"]
[BlackClock "0:00:00"]

1. e4 c5 2. Nf3 e6 3. d4 cxd4 4. Nxd4 a6 5. Bd3 Bc5 6. Nb3 Ba7 7. Nc3 b5 8. a3 Bb7 9. Qe2 Qc7 10. Be3 Bxe3 11. Qxe3 d6 12. O-O-O Nf6 13. f4 Nbd7 14. Kb1 Rc8 15. Rhe1 O-O 16. h3 Nb6 17. g4 Nc4 18. Bxc4 bxc4 19. Nd4 d5 20. e5 Ne4 21. Nxe4 dxe4 22. c3 Bd5 23. Ne2 Rb8 24. Ka1 Rb3 25. Rd2 Rfb8 26. Nc1 R3b5 27. Qd4 Qa5 28. Na2 Qc7 29. f5 a5 30. f6 gxf6 31. exf6 Qf4 32. Rf2 Qg3 33. Qe3 Qh4 34. g5 Rb3 35. Nc1 R3b7 36. Rg1 Qh5 37. Rg4 Qg6 38. Na2 Rb3 39. Nc1 e5 40. Rd2 Be6 41. Rg3 R3b7 42. Ne2 Qh5 43. Nc1 Rxb2 44. Rxb2 Rxb2 45. Kxb2 Qd1 46. Rg2 Qa4 47. Rd2 Qb5+ 48. Kc2 h5 49. g6 Qa4+ 50. Kb2 Qb5+ 51. Ka1 Qb3 52. Rd8# 1-0


[Site "https://www.chess.com"]

[Event "Titled Tuesday Blitz August 16 Early 2022"]
[White "Sarana, Alexey"]
[Black "Vachylia, Andrii"]
[WhiteFideId "24133795"]
[BlackFideId "14137224"]
[WhiteElo "2666"]
[BlackElo "2318"]
[Result "1-0"]
[Round "07"]
[TimeControl "180+1"]
[Date "2022.08.16"]
[WhiteClock "0:00:11"]
[BlackClock "0:00:05"]

1. c4 Nf6 2. Nc3 g6 3. g3 Bg7 4. Bg2 O-O 5. Nf3 d6 6. O-O e5 7. d3 Nc6 8. Rb1 a5 9. a3 Re8 10. b4 axb4 11. axb4 e4 12. dxe4 Nxe4 13. Nxe4 Rxe4 14. b5 Ne5 15. Nd2 Rd4 16. e3 Rd3 17. Be4 Bh3 18. Re1 Ra2 19. Bxd3 Nxd3 20. Re2 Qf6 21. f3 Bh6 22. Qb3 Nxc1 23. Rxc1 Rxd2 24. Rxd2 Qxf3 25. Re1 Bf5 26. Rf2 Qg4 27. e4 Bxe4 28. Qc3 f5 29. Qf6 Bg5 30. Qe6+ Kg7 31. Qd7+ Kh6 32. Qxc7 Qh3 33. Qxd6 Qg4 34. Qe5 Bd3 35. c5 Bxb5 36. Qd6 Bc6 37. Qf8+ Kh5 38. Qf7 h6 39. Qe6 Qd4 40. Qe2+ Qg4 41. h3 Qxe2 42. Rexe2 Bd8 43. Kh2 Bc7 44. Re6 Kg5 45. Re7 Bb8 46. Re6 h5 47. Rb2 h4 48. Rxc6 Bxg3+ 49. Kg2 bxc6 50. Rb6 Be5 51. Rxc6 Bd4 52. Kf3 Bg1 53. Rc8 Kf6 54. c6 Ke7 55. Rg8 Kd6 56. Rxg6+ Kc7 57. Kf4 Bh2+ 58. Kxf5 Bd6 59. Kg4 Kxc6 60. Kxh4 Kd5 61. Kg5 Be5 62. h4 Ke4 63. h5 Bf4+ 64. Kg4 Be5 65. h6 Kd5 66. h7 1-0


[Site "https://www.chess.com"]

[Event "Titled Tuesday Blitz August 16 Early 2022"]
[White "Schmakel, Sam"]
[Black "Ajay, Karthikeyan"]
[WhiteFideId "2039311"]
[BlackFideId "35011685"]
[WhiteElo "2356"]
[BlackElo "2168"]
[Result "0-1"]
[Round "07"]
[TimeControl "180+1"]
[Date "2022.08.16"]
[WhiteClock "0:01:21"]
[BlackClock "0:01:06"]

1. d4 Nf6 2. c4 g6 3. Nc3 Bg7 4. e4 d6 5. Be2 O-O 6. Be3 Na6 7. g4 e5 8. d5 Nc5 9. f3 a5 10. h4 h5 11. g5 Nh7 12. Nh3 Bxh3 13. Rxh3 f6 14. gxf6 Bxf6 15. Qd2 Bxh4+ 16. Kd1 Bg5 17. Rg3 Bxe3 18. Qxe3 Kg7 19. Kc2 Qh4 20. Rag1 Rf6 21. b3 b6 22. a3 Qf4 23. Qf2 a4 24. b4 Nb3 25. Bd3 Nd4+ 26. Kb2 Nxf3 27. R1g2 Nh4 28. Qxf4 exf4 0-1


[Site "https://www.chess.com"]

[Event "Titled Tuesday Blitz August 16 Early 2022"]
[White "Shapiro, Daniel"]
[Black "Averjanov, Alexey"]
[WhiteFideId "2001780"]
[BlackFideId "14109867"]
[WhiteElo "2284"]
[BlackElo "2399"]
[Result "1/2-1/2"]
[Round "07"]
[TimeControl "180+2"]
[Date "2022.08.18"]
[WhiteClock "0:00:00"]
[BlackClock "0:00:00"]

1. d4 d5 2. c4 dxc4 3. e4 Nf6 4. e5 Nd5 5. Bxc4 Nb6 6. Bd3 Nc6 7. Ne2 Nb4 8. Be4 N4d5 9. Nbc3 Be6 10. O-O c6 11. a3 g6 12. Qc2 Bg7 13. f4 Qd7 14. f5 gxf5 15. Bxf5 Bxf5 16. Qxf5 Qxf5 17. Rxf5 e6 18. Rf3 O-O 19. Ng3 f5 20. Nh5 Rf7 21. Bg5 h6 22. Nxg7 Kxg7 23. Bc1 Kh7 24. Rh3 f4 25. Ne4 Kg6 26. g3 Rg8 27. Nd6 Rff8 28. Nxb7 Kh7 29. Nc5 Rg6 30. b3 Nc3 31. Bd2 Ne2+ 32. Kf2 Nxd4 33. Bxf4 Nd5 34. Rh4 Nf5 35. Rh5 Ng7 36. Rh4 h5 37. Rc1 Rg4 38. Rxg4 hxg4 39. Nd3 Nh5 40. Rxc6 Nhxf4 41. Nxf4 Nxf4 42. gxf4 Rxf4+ 43. Kg3 Rf3+ 44. Kxg4 Rxb3 45. Rxe6 Rxa3 46. h4 Ra1 47. Re7+ Kh6 48. Re6+ Kg7 49. Kf5 Rf1+ 50. Ke4 Rh1 51. Re7+ Kg8 52. Rxa7 Rxh4+ 53. Kd5 Rh1 54. Ke6 Rh6+ 55. Kf5 Rb6 56. e6 Rb1 57. Kf6 Rb8 58. e7 Rb6+ 59. Ke5 Kf7 60. e8=Q+ Kxe8 61. Kd5 Rg6 62. Ke5 Kd8 63. Kd5 Rf6 64. Ke5 Rb6 65. Kd5 Kc8 66. Ke5 Rh6 67. Rg7 Kd8 68. Kd5 Ke8 69. Ke5 Kf8 70. Rb7 Ra6 71. Kd5 Rf6 72. Ke5 Rg6 73. Kf5 Rc6 74. Ke5 Ke8 75. Kd5 Ra6 76. Kc5 Kd8 77. Kd5 Kc8 78. Rg7 Rb6 79. Kc5 Rb7 80. Rxb7 Kxb7 1/2-1/2


[Site "https://www.chess.com"]

[Event "Titled Tuesday Blitz August 16 Early 2022"]
[White "Shimanov, Aleksandr"]
[Black "Lagno, Kateryna"]
[WhiteFideId "4198603"]
[BlackFideId "14109336"]
[WhiteElo "2605"]
[BlackElo "2522"]
[Result "0-1"]
[Round "07"]
[TimeControl "180+1"]
[Date "2022.08.16"]
[WhiteClock "0:00:01"]
[BlackClock "0:00:41"]

1. e4 e5 2. Nf3 Nc6 3. Nc3 Nf6 4. h3 a6 5. d4 exd4 6. Nxd4 Nxe4 7. Nxe4 Qe7 8. Be2 Qxe4 9. Nxc6 dxc6 10. O-O Qd5 11. Bd3 Be6 12. Bd2 O-O-O 13. b4 Bd6 14. Re1 Rhe8 15. Bc3 Bf5 16. Rxe8 Rxe8 17. Bxf5+ Qxf5 18. a4 h5 19. Qd4 f6 20. Rd1 Qxc2 21. Be1 Re4 0-1


[Site "https://www.chess.com"]